Map: Ulrena

Players

Mandro

  • Race: Zerg Zerg
  • League: Platinum

Kinematic - Winner!

  • Race: Terran Terran
  • League: Platinum

VOD

Have the link to the VOD?

Description

no gg, ragequit

Time

  • Played on: Jan. 27, 2016, 8:50 a.m.
  • Length: 10:09
Show
View Real Time Build Order
Export as new Build Order

Mandro Zerg 

Build Orders: Hatch First 

Get SALT Encoding   

  12  0:02  Drone  
  13  0:08  Drone  
  14  0:17  Overlord  
  14  0:26  Drone, Extractor x2  
  13  0:29  Drone  
  16  0:36  Drone  
  17  0:57  Hatchery  
  17  0:59  Extractor  
  15  1:12  Spawning Pool  
  14  1:22  Drone x3  
  17  1:33  Overlord  
  17  1:53  Drone  
  18  1:59  Queen  
  18  2:00  Metabolic Boost  
  20  2:11  Queen  
  21  2:27  Zergling x4  
  23  2:30  Drone x3  
  26  2:46  Queen  
  28  2:52  Drone x3  
  28  2:53  Drone  
  32  3:03  Zergling x4  
  34  3:17  Drone x2  
  35  3:27  Zergling x2  
  35  3:28  Overlord x2  
  36  3:35  Overlord  
  36  3:48  Zergling x2  
  36  3:49  Zergling x10  
  36  3:52  Extractor  
  36  3:53  Extractor  
  40  4:04  Drone x2  
  40  4:05  Drone x3  
  45  4:13  Hatchery  
  44  4:20  Zergling x2  
  44  4:21  Zergling x8  
  45  4:40  Queen  
  47  4:49  Lair, Roach Warren, Extractor  
  45  4:54  Drone x8  
  53  5:10  Drone x2  
  53  5:11  Drone x2  
  57  5:37  Drone  
  57  5:38  Drone x6  
  66  5:42  Roach  
  66  5:43  Overlord  
  66  5:51  Overlord  
  66  5:55  Overlord  
  66  6:00  Glial Reconstitution  
  66  6:01  Queen  
  70  6:04  Roach x3  
  70  6:09  Spore Crawler  
  70  6:10  Spore Crawler  
  72  6:13  Spore Crawler  
  60  6:41  Drone  
  60  6:42  Drone x12  
  72  6:56  Roach x5  
  72  6:59  Overseer  
  77  7:03  Roach  
  79  7:10  Baneling Nest  
  79  7:13  Hydralisk Den  
  77  7:25  Roach  
  77  7:26  Roach x5  
  77  7:27  Overlord x2  
  89  7:32  Extractor  
  89  7:33  Extractor  
  87  7:37  Hatchery  
  86  7:45  Hydralisk x2  
  86  7:46  Hydralisk x4  
  86  7:50  Ravager x4  
  86  7:51  Ravager x2  
  104  7:59  Lurker Den  
  104  8:06  Drone x2, Overlord  
  104  8:07  Overlord  
  98  8:22  Drone x2  
  98  8:23  Drone x4  
  98  8:25  Roach  
  98  8:26  Roach x2  
  106  8:43  Zergling x2  
  106  8:44  Zergling x18  
  108  9:03  Zergling x4  
  75  9:25  Hydralisk x3, Roach  
  75  9:26  Roach x2  
  47  9:48  Zergling x16  
Show
View Real Time Build Order
Export as new Build Order

Kinematic Terran - Winner!

Build Orders: Reaper Expand, Hellion Banshee, MMM Bio 

Get SALT Encoding   

  12  0:01  SCV  
  13  0:13  SCV  
  14  0:19  Supply Depot  
  14  0:25  SCV  
  15  0:41  SCV  
  16  0:42  Barracks  
  16  0:45  Refinery  
  16  0:53  SCV  
  17  1:05  SCV  
  18  1:17  SCV  
  19  1:30  Reaper, Orbital Command  
  20  1:47  Command Center  
  20  1:56  SCV  
  21  2:08  SCV  
  22  2:19  Factory  
  22  2:20  SCV  
  23  2:24  Barracks Reactor  
  23  2:28  Supply Depot  
  23  2:42  Refinery  
  23  2:50  SCV  
  24  3:02  SCV, Orbital Command, Supply Depot  
  25  3:09  Starport  
  25  3:14  SCV  
  25  3:15  Hellion x2  
  30  3:26  SCV  
  31  3:29  Barracks Tech Lab  
  30  3:43  Hellion x2  
  30  3:44  SCV x2  
  36  3:54  Banshee  
  39  3:56  SCV x2, Barracks Tech Lab  
  41  4:03  Supply Depot  
  41  4:08  SCV x2  
  43  4:10  Hellion x2  
  47  4:20  SCV  
  48  4:28  Marine  
  48  4:30  SCV  
  50  4:32  Stimpack  
  50  4:52  Factory Tech Lab  
  50  4:54  Command Center, SCV x2, Barracks  
  50  4:55  Refinery, Barracks  
  50  4:58  Supply Depot  
  52  5:09  Marauder  
  54  5:14  Siege Tank  
  57  5:24  Supply Depot, Refinery  
  57  5:33  Marine  
  58  5:36  Starport Reactor  
  58  5:38  Barracks  
  58  5:39  SCV x2  
  60  5:49  Barracks Reactor  
  60  5:50  Marine x2  
  60  5:51  Engineering Bay, Marine  
  60  5:52  Engineering Bay  
  60  5:55  Supply Depot  
  63  6:06  SCV, Siege Tank  
  63  6:07  SCV, Marine, Orbital Command  
  63  6:09  Marine  
  70  6:20  SCV  
  70  6:21  SCV  
  68  6:37  Marauder x2, Marine x4  
  68  6:38  Siege Tank, Medivac x2  
  75  6:44  Orbital Command  
  75  6:50  Terran Infantry Weapons Level 1, Terran Infantry Armor Level 1  
  75  6:53  Missile Turret  
  75  6:55  Missile Turret  
  75  7:06  Marine x2  
  75  7:07  Marine, Marauder x2  
  75  7:08  Medivac  
  84  7:20  Marine  
  85  7:24  Marine  
  85  7:27  Combat Shields  
  85  7:28  Marauder x2  
  90  7:36  Marine x2  
  90  7:37  Siege Tank  
  95  7:40  SCV x2  
  95  7:42  SCV  
  98  7:49  Supply Depot, Marauder  
  100  7:52  SCV  
  100  7:57  Marine  
  101  8:04  Supply Depot x2  
  101  8:10  SCV x3, Medivac, Marine x2  
  101  8:12  Armory  
  108  8:16  Marine  
  109  8:25  SCV x2, Siege Tank, Marine  
  109  8:26  Medivac, Marauder x2  
  121  8:32  SCV  
  121  8:33  Marine x2  
  124  8:37  SCV  
  125  8:56  Medivac, Marauder  
  125  9:00  Marine  
  125  9:05  Marine  
  125  9:06  Supply Depot, Marauder, Siege Tank, Medivac  
  125  9:07  Supply Depot  
  125  9:09  Supply Depot  
  133  9:10  Refinery  
  133  9:11  Refinery  
  133  9:17  SCV  
  133  9:18  SCV, Marauder  
  133  9:19  SCV  
  133  9:22  Marine x3  
  133  9:23  Marine  
  124  9:26  Medivac  
  124  9:27  Marauder  
  124  9:29  Supply Depot  
  128  9:31  Supply Depot  
  128  9:32  Supply Depot  
  125  9:39  Marauder  
  125  9:40  Marine x3  
  124  9:47  Marine  
  124  9:49  SCV x2  
  124  9:50  SCV  
Tags
 
Add a new tag
Caveats
  • Supply blocks, unpowered buildings, or Contaminate may cause inaccurate times.
  • Supply counts are checked every 10 seconds.